 Dungeon Crawl Stone Soup version 0.23.2-1-ga50397a (webtiles) character file.

Game seed: 7235555700823553504

417 Mrkaede the Covered (level 6, -11/56 HPs)
             Began as a Minotaur Fighter on Apr 27, 2019.
             Mangled by an ogre
             ... wielding a +0 giant club
              (18 damage)
             ... on level 3 of the Dungeon.
             The game lasted 00:04:44 (2233 turns).

Mrkaede the Covered (Minotaur Fighter)              Turns: 2233, Time: 00:04:44

Health: -11/56     AC: 11    Str: 22    XL:     6   Next: 61%
Magic:  5/5        EV:  6    Int:  5    God:
Gold:   116        SH: 10    Dex: 10    Spells: 5/5 levels left

rFire    . . .     SeeInvis .   a - +1 trident
rCold    . . .     Gourm    .   c - +0 shield
rNeg     . . .     Faith    .   h - +0 chain mail
rPois    .         Spirit   .   (helmet restricted)
rElec    .         Reflect  .   (no cloak)
rCorr    .         Harm     .   j - +0 pair of gloves (curse)
MR       .....                  (no boots)
Stlth    ..........             (no amulet)
HPRegen  0.18/turn              k - ring of wizardry
MPRegen  0.09/turn              (no ring)

@: no status effects
A: retaliatory headbutt, horns 2
a: no special abilities


You were on level 3 of the Dungeon.
You were not hungry.

You visited 1 branch of the dungeon, and saw 4 of its levels.

You collected 116 gold pieces.

Inventory:

Hand Weapons
 a - a +1 trident (weapon)
 o - a -1 spear
Missiles
 r - 4 tomahawks (quivered)
Armour
 b - a +0 scale mail
 c - a +0 shield (worn)
 h - a +0 chain mail (worn)
 j - a cursed +0 pair of gloves (worn)
Jewellery
 k - a ring of wizardry (left hand)
Scrolls
 i - a scroll of teleportation {unknown}
 l - a scroll of fog
 n - 7 scrolls of identify {unknown}
 p - a scroll of remove curse
 q - a scroll of noise {unknown}
 u - a scroll of fear {unknown}
Potions
 e - a potion of flight {unknown}
 g - 2 potions of lignification {unknown}
 m - a potion of curing {unknown}
 s - a potion of berserk rage {unknown}
 t - a potion of agility {unknown}
Comestibles
 d - 2 chunks of flesh
 f - 6 rations


   Skills:
 * Level 5.1 Fighting
 * Level 4.0 Polearms
 + Level 1.3 Throwing
 * Level 5.2 Armour
 + Level 2.0 Dodging
 * Level 5.1 Shields
 + Level 1.8 Unarmed Combat


You had 5 spell levels left.
You didn't know any spells.
Your spell library was empty.

Dungeon Overview and Level Annotations

Branches:
Dungeon (4/15)
 Temple: D:4-7

Altars:
Ashenzari
Qazlal
Trog
Uskayaw


Innate Abilities, Weirdness & Mutations

You reflexively headbutt those who attack you in melee.
You have a pair of horns on your head.


Message History

You block the ogre's attack.
You hit the ogre but do no damage. Your headbutt misses the ogre.
The ogre is lightly wounded.
The ogre hits you with a +0 giant club!
You barely miss the ogre. You headbutt the ogre!
The ogre is heavily wounded.
You block the ogre's attack.
You closely miss the ogre.
The ogre is heavily wounded.
You block the ogre's attack.
You hit the ogre. You headbutt the ogre.
The ogre is severely wounded.
You completely miss the ogre.
The ogre is severely wounded.
The ogre hits you with a +0 giant club!
* * * LOW HITPOINT WARNING * * *
You hit the ogre. You headbutt the ogre.
The ogre is almost dead.
The ogre hits you with a +0 giant club!!
You die...

.#......(..##.##..##≈≈.≈≈##.#....
##...................#......))###
#.......#+#.#..#####.#.......).##
#.......#.#.##.## #.#########.##
....###.#.#.##..# #.#.....# #.##
#.###...#.#.###.####.#.###.# #...
###.....'.#.# #..#...#...#.# ####
#.......#.#.# ##)#)#####.#.#
###.....###.# #@O.......#.#
#.###.).)...# ###.).[.>.#.#
....###†##### ######.##.#
#.......# #....# #.......# ######
##......# .#......# .#......#
#########


You could see an ogre.

Vanquished Creatures
  An ogre (D:3)
  A gnoll shaman (D:3)
  2 orc priests (D:3)
  2 orc wizards (D:3)
  6 gnolls (D:3)
  2 adders
  11 dart slugs
  3 leopard geckos (D:1)
  12 orcs (D:3)
  A ball python (D:3)
  7 bats
  4 giant cockroaches
  2 goblins
  8 hobgoblins
  4 jackals (D:3)
  6 kobolds
  A quokka (D:2)
  6 frilled lizards
  7 rats
86 creatures vanquished.

Notes
Turn   | Place    | Note
-------+----------+-------------------------------------------
     0 | D:1      | Mrkaede the Minotaur Fighter began the quest for the Orb.
     0 | D:1      | Reached XP level 1. HP: 19/19 MP: 0/0
   107 | D:1      | Reached XP level 2. HP: 27/27 MP: 1/1
   407 | D:1      | Reached skill level 1 in Dodging
   407 | D:1      | Reached XP level 3. HP: 27/33 MP: 2/2
  1157 | D:3      | Reached XP level 4. HP: 37/40 MP: 3/3
  1216 | D:3      | Reached skill level 1 in Unarmed Combat
  1222 | D:3      | Reached XP level 5. HP: 39/47 MP: 4/4
  1615 | D:3      | Found a shattered altar of Ashenzari.
  1635 | D:3      | Reached skill level 1 in Throwing
  1642 | D:3      | Reached XP level 6. HP: 42/55 MP: 5/5
  1858 | D:3      | Found a bloodstained altar of Trog.
  1862 | D:3      | Found a stormy altar of Qazlal.
  1867 | D:3      | Found a hide-covered altar of Uskayaw.
  2190 | D:3      | Reached skill level 5 in Fighting
  2190 | D:3      | Reached skill level 5 in Armour
  2226 | D:3      | Reached skill level 5 in Shields
  2233 | D:3      | Mangled by an ogre

Skill      XL: |  1  2  3  4  5  6 |
---------------+-------------------+-----
Fighting       | 4 5 |  5.1
Shields        | 4 5 |  5.1
Armour         | 4 5 |  5.2
Dodging        | 1 2 |  2.0
Polearms       | 3 4 |  4.0
Unarmed Combat | 1 |  1.8
Throwing       | 1 |  1.3

Action                   |  1- 3 |  4- 6 || total
-------------------------+-------+-------++-------
Melee: Trident           |   132 |   135 ||   267
       Headbutt          |    10 |    31 ||    41
  Use: Scroll            |     5 |       ||     5
       Potion            |       |     1 ||     1
  Eat: Chunk             |     1 |     4 ||     5
Armor: Scale mail        |     6 |       ||     6
       Chain mail        |    47 |    52 ||    99
Dodge: Dodged            |    26 |    42 ||    68
Block: Shield            |    49 |    79 ||   128
